Map: Goldenaura LE

Players

Wanderer

  • Race: Zerg Zerg
  • League: Diamond
  • Spawn Location: 12:00

Bill - Winner!

  • Race: Terran Terran
  • League: Diamond
  • Spawn Location: 5:00

VOD

Have the link to the VOD?

Description

Time

  • Played on: Oct. 25, 2024, 9:37 p.m.
  • Length: 29:57
Show
View Real Time Build Order
Export as new Build Order

Wanderer Zerg 

Build Orders: Hatch First 

Get SALT Encoding   

  12  0:00  Drone  
  13  0:12  Overlord  
  13  0:17  Drone  
  14  0:31  Drone x2  
  16  0:49  Hatchery  
  15  0:53  Drone  
  17  0:57  Drone  
  17  1:01  Drone  
  18  1:11  Extractor  
  17  1:19  Spawning Pool  
  17  1:20  Drone  
  17  1:22  Drone  
  18  1:28  Drone  
  20  1:40  Drone  
  20  1:49  Drone  
  21  2:06  Queen x2  
  21  2:07  Zergling x4  
  27  2:17  Hatchery  
  26  2:29  Overlord  
  26  2:36  Metabolic Boost  
  26  2:39  Drone x2  
  28  2:47  Queen  
  29  3:00  Drone x6  
  35  3:12  Overlord  
  35  3:15  Overlord  
  35  3:29  Queen  
  35  3:34  Drone x6  
  38  3:39  Drone  
  44  3:42  Queen  
  44  3:43  Overlord  
  44  3:46  Drone  
  47  4:06  Spore Crawler  
  47  4:07  Evolution Chamber, Spore Crawler  
  47  4:08  Queen  
  47  4:09  Evolution Chamber  
  45  4:13  Roach Warren  
  45  4:16  Overlord  
  44  4:21  Drone x7  
  51  4:26  Lair  
  51  4:39  Evolution Chamber  
  51  4:40  Evolution Chamber  
  49  4:46  Queen  
  51  4:55  Drone  
  51  4:56  Drone x9  
  61  5:04  Drone x7  
  62  5:11  Overlord  
  62  5:17  Extractor  
  61  5:30  Drone  
  61  5:31  Overlord, Drone  
  61  5:32  Drone x5  
  61  5:33  Extractor  
  61  5:34  Extractor  
  66  5:41  Extractor, Spore Crawler  
  66  5:42  Extractor  
  63  5:44  Spore Crawler  
  63  5:46  Overlord  
  63  5:47  Drone x8, Spore Crawler x2  
  68  6:04  Zerg Ground Armor Level 1, Zerg Missile Weapons Level 1  
  68  6:10  Overlord  
  68  6:11  Drone x10  
  78  6:19  Spore Crawler  
  78  6:20  Spore Crawler  
  78  6:22  Spore Crawler  
  75  6:27  Queen x3  
  81  6:39  Drone  
  81  6:41  Hatchery  
  81  6:44  Drone  
  81  6:45  Drone x6  
  87  6:53  Extractor  
  86  6:54  Extractor, Overlord x3  
  85  7:08  Pneumatized Carapace  
  85  7:18  Roach  
  85  7:19  Roach x7  
  85  7:21  Glial Reconstitution  
  101  7:26  Overseer  
  101  7:33  Drone x9  
  110  7:39  Hydralisk Den  
  110  7:44  Infestation Pit, Drone  
  108  7:45  Drone x6  
  115  8:03  Overlord x2  
  115  8:04  Overlord x4  
  115  8:08  Spine Crawler  
  115  8:10  Spine Crawler  
  109  8:33  Queen x3  
  111  8:47  Roach x7  
  111  8:48  Roach x15  
  155  8:56  Overlord x2  
  155  9:02  Zerg Missile Weapons Level 2, Zerg Ground Armor Level 2  
  155  9:08  Spore Crawler  
  155  9:09  Ravager  
  155  9:10  Ravager x8, Spore Crawler  
  155  9:11  Overlord x5  
  162  9:30  Ravager x2  
  162  9:31  Ravager x4  
  168  9:33  Roach  
  168  9:34  Roach x2  
  168  9:35  Drone x10  
  184  9:59  Roach x8  
  200  10:04  Overlord  
  200  10:07  Overlord  
  200  10:20  Hatchery  
  159  10:24  Roach  
  159  10:27  Roach x5  
  159  10:28  Roach x11  
  160  10:34  Roach x3  
  166  10:42  Ravager x6  
  167  10:43  Ravager x3  
  165  11:01  Zergling x30  
  174  11:08  Roach x2  
  174  11:30  Extractor, Hatchery  
  172  11:34  Extractor  
  135  11:49  Roach  
  135  11:50  Roach x16  
  160  11:59  Drone x4  
  154  12:02  Hive  
  154  12:03  Queen  
  156  12:13  Baneling Nest  
  156  12:14  Muscular Augments  
  155  12:15  Hydralisk  
  155  12:16  Hydralisk x7  
  155  12:21  Spore Crawler  
  155  12:22  Spore Crawler  
  169  12:26  Drone  
  169  12:27  Drone x5  
  175  12:31  Ravager x5  
  175  12:32  Ravager x8, Spore Crawler  
  175  12:33  Spore Crawler  
  175  12:36  Overseer  
  179  13:04  Roach  
  179  13:05  Roach x6  
  136  13:09  Roach  
  136  13:10  Roach x12  
  157  13:19  Grooved Spines  
  157  13:20  Zerg Missile Weapons Level 3  
  157  13:26  Roach x4  
  165  13:29  Centrifugal Hooks  
  165  13:37  Ravager x3  
  165  13:39  Ravager  
  165  13:40  Zergling x4  
  165  13:41  Zergling x18  
  180  14:00  Zerg Ground Armor Level 3  
  180  14:02  Ravager x3  
  182  14:05  Zergling x2  
  182  14:06  Zergling x20  
  194  14:19  Baneling x9  
  194  14:20  Baneling x6  
  194  14:23  Overseer  
  194  14:30  Zerg Melee Weapons Level 1  
  194  14:35  Overlord  
  150  14:53  Roach  
  150  14:58  Roach  
  150  14:59  Roach x3  
  139  15:03  Roach  
  133  15:08  Zergling x38  
  152  15:24  Ravager  
  152  15:25  Ravager x10  
  152  15:27  Baneling  
  152  15:28  Baneling x11  
  163  15:43  Baneling x7  
  163  15:44  Baneling x6  
  163  15:45  Roach  
  163  15:46  Roach  
  163  15:48  Hatchery  
  163  15:49  Extractor  
  165  15:52  Extractor  
  164  16:04  Roach  
  164  16:05  Roach x13  
  192  16:15  Hydralisk  
  192  16:16  Hydralisk x3  
  195  16:44  Viper  
  198  16:56  Drone  
  198  16:59  Zerg Melee Weapons Level 2  
  199  17:05  Ultralisk Cavern  
  179  17:31  Roach  
  179  17:32  Roach x11  
  184  17:43  Roach  
  159  17:53  Ultralisk  
  159  17:54  Ultralisk x4  
  159  17:55  Drone  
  159  17:56  Drone x6  
  196  18:01  Spore Crawler  
  195  18:13  Chitinous Plating  
  195  18:15  Zergling x8  
  195  18:19  Baneling  
  199  18:33  Overseer x2  
  199  18:36  Baneling x8  
  199  19:08  Hatchery  
  161  19:19  Roach  
  161  19:20  Roach x16  
  161  19:21  Roach x17, Hatchery  
  158  19:32  Zergling x26  
  158  19:33  Zergling x2  
  167  19:52  Baneling x18  
  167  19:53  Baneling x6  
  167  20:01  Ravager  
  167  20:02  Ravager x7  
  175  20:11  Adrenal Glands  
  175  20:17  Extractor  
  174  20:21  Extractor  
  174  20:24  Zergling x10  
  174  20:25  Zergling x4  
  180  20:42  Infestor x2  
  180  20:43  Infestor  
  186  20:51  Spore Crawler, Spine Crawler  
  186  20:52  Spine Crawler  
  110  21:22  Roach x5  
  110  21:23  Roach x14  
  147  21:38  Zergling x16  
  151  22:02  Hatchery  
  150  22:10  Ravager x7  
  157  22:37  Zerg Melee Weapons Level 3  
  157  22:54  Baneling x14  
  157  23:31  Zergling x2  
  157  23:32  Zergling x44  
  157  23:33  Zergling x32  
  157  23:34  Zergling x2  
  197  23:41  Spore Crawler  
  196  23:43  Spore Crawler, Spine Crawler  
  196  23:44  Spore Crawler  
  196  23:45  Spine Crawler  
  191  24:23  Overlord  
  191  24:24  Overlord x3  
  191  24:27  Hydralisk  
  192  25:01  Baneling x22  
  192  25:02  Hatchery, Baneling x21  
  192  25:05  Extractor  
  190  25:08  Extractor  
  189  25:30  Hatchery  
  189  25:32  Anabolic Synthesis  
  188  25:42  Lurker Den  
  164  26:20  Neural Parasite  
  164  27:12  Infestor x8  
  180  27:34  Spore Crawler x2  
  180  27:35  Burrow, Spore Crawler x2  
  176  27:37  Spine Crawler  
  176  27:38  Spine Crawler  
  176  27:39  Spore Crawler  
  176  27:41  Spine Crawler  
  176  27:42  Spine Crawler  
  171  27:44  Spine Crawler  
  171  27:45  Spine Crawler  
  171  27:48  Hydralisk  
  171  27:49  Hydralisk x2  
  105  28:41  Zergling x2  
  105  28:42  Zergling x10  
Show
View Real Time Build Order
Export as new Build Order

Bill Terran - Winner!

Build Orders: Reaper Expand, Mech 

Get SALT Encoding   

  12  0:00  SCV  
  13  0:13  SCV  
  14  0:17  Supply Depot  
  14  0:25  SCV  
  15  0:38  SCV  
  15  0:40  Barracks  
  16  0:45  Refinery  
  16  0:51  SCV  
  17  1:03  SCV  
  18  1:15  SCV  
  19  1:27  Orbital Command  
  19  1:28  Reaper  
  20  1:45  Command Center  
  20  1:54  SCV  
  21  1:56  Supply Depot  
  21  2:00  Marine  
  22  2:06  SCV  
  23  2:11  Factory  
  23  2:16  Refinery  
  23  2:18  SCV  
  23  2:22  Barracks Reactor  
  24  2:30  SCV  
  25  2:42  SCV  
  26  3:00  Orbital Command  
  26  3:01  Supply Depot  
  26  3:08  SCV  
  26  3:09  Starport  
  27  3:21  Hellion x2  
  27  3:24  SCV  
  32  3:28  SCV  
  33  3:36  SCV  
  33  3:40  SCV  
  35  3:43  Hellion x2  
  35  3:48  Marine  
  39  3:50  Fusion Core  
  39  3:54  SCV x2  
  42  3:57  Starport Tech Lab  
  42  4:04  Hellion x2  
  42  4:06  SCV x2  
  48  4:15  Supply Depot  
  48  4:20  Command Center  
  48  4:25  Supply Depot  
  48  4:36  Battlecruiser  
  54  4:45  Factory  
  54  4:47  Refinery  
  54  4:48  SCV  
  54  4:49  Refinery  
  55  4:56  SCV  
  51  5:00  SCV  
  46  5:12  Barracks Tech Lab  
  44  5:19  Barracks  
  44  5:24  SCV, Factory Reactor  
  44  5:25  SCV, Barracks  
  46  5:31  Stimpack  
  46  5:33  Orbital Command  
  46  5:37  SCV x2  
  48  5:45  Battlecruiser  
  48  5:49  Weapon Refit  
  54  5:50  SCV  
  54  5:51  SCV  
  56  6:00  SCV  
  56  6:03  SCV x2  
  59  6:06  Marine x2  
  59  6:07  Marine  
  59  6:08  Factory Tech Lab  
  62  6:12  SCV  
  62  6:13  Engineering Bay  
  62  6:15  SCV, Engineering Bay  
  62  6:16  SCV  
  65  6:19  Supply Depot  
  65  6:24  SCV  
  66  6:26  Barracks  
  66  6:27  SCV  
  66  6:28  SCV  
  66  6:29  Barracks  
  68  6:36  SCV  
  68  6:39  SCV  
  70  6:40  SCV  
  70  6:43  Marine  
  70  6:44  Marine  
  75  6:48  Terran Infantry Weapons Level 1, Terran Infantry Armor Level 1, SCV  
  74  7:01  Barracks Reactor, Factory  
  74  7:03  Siege Tank  
  74  7:08  Medivac x2, Marine x3  
  81  7:11  Combat Shield  
  84  7:16  Supply Depot  
  84  7:17  Orbital Command  
  84  7:18  Supply Depot  
  84  7:32  Bunker  
  84  7:33  Barracks Reactor x2  
  84  7:36  Armory  
  84  7:38  Siege Tank  
  84  7:40  Marine  
  84  7:41  Marine x4  
  92  7:47  Siege Tank  
  95  7:56  Refinery x2  
  95  7:58  Marine  
  95  7:59  Marine  
  95  8:02  Supply Depot  
  95  8:04  SCV x3  
  95  8:05  Supply Depot  
  100  8:14  Siege Tank  
  100  8:16  SCV x2, Medivac x2  
  109  8:23  SCV  
  110  8:28  SCV x2  
  110  8:31  Siege Tank  
  110  8:32  Marine x9  
  124  8:35  SCV  
  124  8:36  Supply Depot  
  124  8:39  Supply Depot  
  124  8:40  Supply Depot  
  125  8:58  SCV  
  125  8:59  Siege Tank, Medivac x2  
  125  9:00  Marine x8  
  125  9:01  Marine  
  142  9:04  Missile Turret  
  142  9:05  Missile Turret  
  142  9:06  Terran Infantry Weapons Level 2  
  142  9:18  Supply Depot, Marine x2, Terran Infantry Armor Level 2  
  142  9:19  Supply Depot  
  142  9:22  Missile Turret  
  144  9:24  Terran Vehicle Weapons Level 1  
  144  9:37  Siege Tank  
  144  9:38  Marine x2  
  147  9:39  Marine x6  
  155  9:45  Supply Depot  
  155  9:47  Supply Depot  
  155  9:49  Supply Depot  
  151  10:05  Siege Tank, Medivac x2, Marine x3  
  151  10:06  Marine x4  
  148  10:29  Siege Tank, Marine x9  
  160  10:41  Command Center  
  160  10:43  Barracks  
  160  10:44  Barracks  
  160  10:46  Marine  
  160  10:47  Marine x2  
  163  11:13  Siege Tank x2  
  165  11:28  Terran Infantry Weapons Level 3  
  150  11:41  Marine  
  150  11:42  Marine x8  
  133  11:59  Marine x2  
  131  12:06  Barracks Tech Lab  
  131  12:07  Barracks Tech Lab  
  131  12:12  Barracks  
  131  12:23  Orbital Command  
  131  12:25  SCV  
  131  12:26  SCV x2  
  134  12:37  SCV  
  134  12:38  SCV x2  
  134  12:40  Siege Tank x2  
  134  12:42  Concussive Shells  
  134  12:44  Terran Infantry Armor Level 3, Terran Vehicle Weapons Level 2  
  143  12:49  SCV, Orbital Command  
  143  12:50  SCV x2  
  140  13:02  SCV x3  
  116  13:07  Marine x8  
  124  13:14  SCV x3  
  124  13:16  Siege Tank x2  
  124  13:17  Refinery  
  124  13:18  Refinery  
  133  13:24  Marine x4  
  137  13:27  SCV  
  138  13:38  Ghost Academy  
  138  13:49  Barracks Tech Lab, Marauder x3  
  138  13:50  Sensor Tower, Marine x4  
  148  14:06  Siege Tank x2  
  148  14:08  SCV x4  
  158  14:19  Personal Cloaking  
  158  14:20  SCV x2  
  158  14:23  Marine x3, Marauder x3  
  158  14:24  Marine x4, Marauder  
  175  14:35  Marine  
  176  14:39  Starport  
  176  14:44  Supply Depot  
  124  15:04  Marauder x3  
  124  15:05  Siege Tank x2, Marine, Marauder  
  124  15:06  Marine x5  
  144  15:19  Factory  
  144  15:22  SCV x4  
  144  15:24  Neosteel Armor  
  144  15:25  Terran Vehicle Weapons Level 3  
  144  15:27  Armory  
  148  15:34  Supply Depot, SCV x3  
  148  15:35  Supply Depot, SCV  
  152  15:36  Supply Depot x3  
  152  15:37  Supply Depot  
  152  15:43  Starport Reactor  
  152  15:49  Starport  
  152  15:54  SCV x2  
  154  16:02  Command Center  
  154  16:03  Marauder x3  
  160  16:16  Siege Tank x2  
  160  16:17  Factory Tech Lab  
  166  16:26  Marauder  
  166  16:27  Marine x4, Marauder x3  
  166  16:28  Marine  
  179  16:41  Sensor Tower  
  179  16:49  Missile Turret  
  179  16:56  Sensor Tower  
  179  16:57  Ghost x4, Missile Turret  
  187  17:01  Starport Tech Lab  
  187  17:06  Bunker  
  159  17:38  Orbital Command  
  146  17:52  Ghost  
  146  17:53  Ghost x3  
  154  18:05  Supply Depot  
  154  18:06  Supply Depot x4  
  154  18:07  Refinery  
  154  18:08  Siege Tank, Supply Depot  
  154  18:10  Refinery  
  157  18:24  Command Center  
  157  18:30  Missile Turret  
  157  18:31  Sensor Tower  
  157  18:42  Siege Tank x3  
  157  18:44  Ghost x4  
  157  18:46  Marine x7  
  149  19:31  Ghost x2  
  149  19:32  Ghost x2, Marine  
  149  19:33  Marine x5  
  163  19:45  Thor  
  163  19:46  Thor x2  
  181  20:02  Planetary Fortress  
  181  20:07  Refinery  
  181  20:11  Refinery  
  181  20:16  Marauder  
  181  20:17  Marauder x3  
  189  20:26  Command Center  
  189  20:28  Command Center  
  189  20:30  Supply Depot  
  189  20:34  Planetary Fortress  
  189  20:40  Viking x2  
  189  20:41  Missile Turret  
  189  20:42  Supply Depot, Sensor Tower  
  175  21:27  Marauder x4  
  175  21:29  Marine x2  
  175  21:30  Thor, Marine x5  
  195  21:58  Command Center  
  195  22:01  Terran Vehicle And Ship Armor Level 1  
  195  22:02  Terran Ship Weapons Level 1  
  195  22:03  Hi-Sec Auto Tracking  
  195  22:19  Refinery  
  195  22:23  Missile Turret  
  195  22:25  Sensor Tower  
  195  22:42  Command Center  
  195  23:24  Planetary Fortress  
  195  23:27  Supply Depot  
  195  23:32  Nuke  
  195  23:36  Ghost Academy  
  195  23:39  Ghost Academy  
  193  24:15  Planetary Fortress  
  193  24:32  Command Center  
  193  24:34  Command Center  
  193  24:35  Command Center  
  193  24:59  Missile Turret  
  193  25:01  Missile Turret  
  193  25:27  Missile Turret  
  193  25:36  Nuke  
  193  25:37  Nuke  
  168  26:22  Liberator x4  
  180  27:00  Planetary Fortress, Command Center  
  180  27:01  Planetary Fortress  
  180  27:06  Missile Turret  
  180  27:10  Command Center  
  180  27:12  Command Center  
  180  27:13  Command Center  
  180  27:17  Terran Vehicle And Ship Armor Level 2, Terran Ship Weapons Level 2  
  180  27:18  Advanced Ballistics  
  180  27:19  Command Center  
  180  28:02  Supply Depot  
  180  28:03  Supply Depot  
  180  28:09  Supply Depot  
  180  28:12  Planetary Fortress  
  180  28:18  Engineering Bay  
  180  28:20  Engineering Bay  
  180  28:26  Command Center  
  179  28:30  Caduceus Reactor  
  139  28:39  Siege Tank x3  
  148  28:47  Command Center  
  148  28:50  Supply Depot  
  148  28:51  Refinery  
  148  28:52  Supply Depot  
  148  28:53  Refinery  
  148  29:01  Missile Turret  
  148  29:02  Ghost x4  
  148  29:06  Orbital Command x3  
  156  29:52  Supply Depot  
Tags
 
Add a new tag
Caveats
  • Supply blocks, unpowered buildings, or Contaminate may cause inaccurate times.
  • Supply counts are checked every 10 seconds.